 Dungeon Crawl Stone Soup version 0.27-a0-3-gcf006a40f5 (webtiles) character file.

Game seed: 18394764706873635187

4 jestyr24 the Conjurer (level 1, 0/13 HPs)
             Began as a Demonspawn Conjurer on Jan 2, 2021.
             Slain by a hobgoblin
             ... wielding a +0 club
              (2 damage)
             ... on level 1 of the Dungeon.
             The game lasted 00:01:52 (287 turns).

jestyr24 the Conjurer (Demonspawn Conjurer)          Turns: 287, Time: 00:01:53

Health: 0/13       AC:  2    Str:  7    XL:     1   Next: 58%
Magic:  3/3        EV: 11    Int: 19    God:
Gold:   30         SH:  3    Dex: 11    Spells: 3/4 levels left

rFire    . . .     SeeInvis .   c - +0 whip (curse)
rCold    . . .     Faith    .   e - +0 buckler
rNeg     . . .     Spirit   .   a - +0 robe
rPois    .         Reflect  .   (no helmet)
rElec    .         Harm     .   (no cloak)
rCorr    .         Rampage  .   (no gloves)
Will     .....                  (no boots)
Stlth    ++........             (no amulet)
HPRegen  0.04/turn              (no ring)
MPRegen  0.08/turn              (no ring)

@: no status effects
A: no striking features
a: no special abilities


You were on level 1 of the Dungeon.
You visited 1 branch of the dungeon, and saw 1 of its levels.

You collected 30 gold pieces.

Inventory:

Hand Weapons
 c - a cursed +0 whip (weapon)
Missiles
 d - 16 stones
Armour
 a - a +0 robe (worn)
 e - a +0 buckler (worn)
Scrolls
 b - 2 scrolls of identify {unknown}


   Skills:
 + Level 1.7 Dodging
 + Level 1.7 Stealth
 * Level 0.1 Shields
 + Level 2.1 Spellcasting
 + Level 4.1 Conjurations


You had 3 spell levels left.
You knew the following spells:

 Your Spells              Type           Power        Failure   Level
a - Magic Dart            Conj           68%          4%          1

Your spell library contained the following spells:

 Spells                   Type           Power        Failure   Level
 Searing Ray              Conj           34%          8%          2
 Dazzling Flash           Conj/Hex       18%          34%         3
 Fulminant Prism          Conj/Hex       4%           75%         4
 Iskenderun's Mystic Bla  Conj/Tloc      9%           75%         4


Dungeon Overview and Level Annotations

Branches:
Dungeon (1/15)

Altars:


Message History

You now have 30 gold pieces (gained 8).
Found a club.
You see here a club.
A hobgoblin comes into view. It is wielding a +0 club.
You barely miss the hobgoblin. The hobgoblin barely misses you.
You barely miss the hobgoblin. The hobgoblin hits you with a +0 club.
You hit the hobgoblin but do no damage. The hobgoblin hits you with a +0 club.
You hit the hobgoblin but do no damage. The hobgoblin closely misses you.
You closely miss the hobgoblin.
The hobgoblin hits you but does no damage.
You hit the hobgoblin but do no damage. The hobgoblin hits you with a +0 club.
You barely miss the hobgoblin. You block the hobgoblin's attack.
You hit the hobgoblin.
The hobgoblin is heavily wounded.
The hobgoblin hits you with a +0 club.
* * * LOW HITPOINT WARNING * * *
You barely miss the hobgoblin.
The hobgoblin is heavily wounded.
The hobgoblin hits you with a +0 club.
You die...

........# #.)#
#####..##### #..#
#......# #..# #..###.#
#..# #####..# # #..#
.......###.###..## #
.####............##.####
.# #.###...............
.# #.# #..##...@g......
.# #.# #...............
.####.# #.####...#.##...
......# #####.# #.
.###### .# ## # # #


You could see a hobgoblin.

Vanquished Creatures
  A giant cockroach (D:1)
  A goblin (D:1)
  A bat (D:1)
  2 rats (D:1)
5 creatures vanquished.

Notes
Turn   | Place    | Note
-------+----------+-------------------------------------------
     0 | D:1      | jestyr24 the Demonspawn Conjurer began the quest for the
                  | Orb.
     0 | D:1      | Reached XP level 1. HP: 13/13 MP: 3/3
   287 | D:1      | Slain by a hobgoblin

Illustrated notes

Levels and vault maps discovered:
D:1:      dpeg_arrival_oval, layout_loops_ring

Action                   || total
-------------------------++-------
Melee: Unarmed           ||    20
       Whip              ||    14
 Cast: Magic Dart        ||     5
Armor: Robe              ||     9
Dodge: Dodged            ||    24
Block: Buckler           ||     1

Table legend: (Time is in decaauts)
 A = Elapsed time spent in this place.
 B = Non-inter-level travel time spent in this place.
 C = Inter-level travel time spent in this place.
 D = Time resting spent in this place.
 E = Time spent auto-exploring this place.
 F = Levels seen in this place.
 G = Mean time per level.
                   A        B        C        D        E       F      G
               +--------+--------+--------+--------+--------+-----+--------+
         Total |    288 |    288 |      0 |    109 |     73 |   1 |  288.0 |
       Dungeon |    288 |    288 |      0 |    109 |     73 |   1 |  288.0 |
               +--------+--------+--------+--------+--------+-----+--------+

Top non-repeatable levels by time:
     D:1: 288 daAuts
